 Dungeon Crawl Stone Soup version 0.19.3-4-gbf9329e (webtiles) character file.

371 theAP the Cudgeler (level 7, -3/56 HPs)
             Began as a Formicid Fighter on Jan 28, 2017.
             Slain by theAP's ghost (7 damage)
             ... on level 3 of the Dungeon.
             The game lasted 00:07:32 (2865 turns).

theAP the Cudgeler (Formicid Fighter)               Turns: 2865, Time: 00:07:33

Health: -3/56      AC:  6    Str: 23    XL:     7   Next: 2%
Magic:  7/7        EV:  8    Int:  7    God:
Gold:   134        SH:  9    Dex: 10    Spells: 0 memorised, 6 levels left

rFire  . . .     SeeInvis +     a - +0 flail
rCold  . . .     Gourm    .     b - +0 scale mail
rNeg   + . .     Faith    .     c - +0 shield
rPois  .         Spirit   .     (helmet unavailable)
rElec  .         Reflect  .     (no cloak)
rCorr  .         Harm     .     (no gloves)
MR     .....                    (no boots)
Stlth  ..........               (no amulet)
                                q - ring of loudness (curse)
                                d - ring of positive energy

@: no status effects
A: permanent stasis, dig shafts and tunnels, four strong arms, antennae 3
a: Dig, Shaft Self


You were on level 3 of the Dungeon.
You were not hungry.

You visited 1 branch of the dungeon, and saw 3 of its levels.

You collected 134 gold pieces.

Inventory:

Hand Weapons
 a - a +0 flail (weapon)
Armour
 b - a +0 scale mail (worn)
 c - a +0 shield (worn)
 e - a +1 hat
Jewellery
 d - a ring of positive energy (left hand)
 q - a cursed ring of loudness (right hand)
Scrolls
 h - a scroll of fog
Potions
 g - 3 potions of curing
 j - a potion of agility
 k - a potion of resistance {unknown}
 l - a potion of haste
 m - a potion of heal wounds {unknown}
 o - a potion of cancellation {unknown}
Comestibles
 f - 6 bread rations
 i - 2 meat rations
 n - 3 fruits


   Skills:
 + Level 5.4 Fighting
 * Level 5.7 Maces & Flails
 - Level 3.2 Armour
 - Level 3.6 Shields


You had 6 spell levels left.
You didn't know any spells.

Dungeon Overview and Level Annotations

Branches:
Dungeon (3/15)

Altars:

Annotations:
D:3 theAP's ghost, amateur FoFi


Innate Abilities, Weirdness & Mutations

You are under a permanent stasis effect.
You can dig through walls and to a lower floor.
Your four strong arms can wield two-handed weapons with a shield.
You have a pair of large antennae on your head. (SInv)


Message History

You are too injured to fight recklessly!
You are too injured to fight recklessly!
You are too injured to fight recklessly!
You are too injured to fight recklessly!
You are too injured to fight recklessly!
You are too injured to fight recklessly!
You hit theAP's ghost but do no damage.
TheAP's ghost is heavily damaged.
TheAP's ghost hits you but does no damage.
You thump theAP's ghost!
TheAP's ghost is almost destroyed.
You block theAP's ghost's attack.
You hit theAP's ghost but do no damage.
TheAP's ghost is almost destroyed.
TheAP's ghost hits you!
* * * LOW HITPOINT WARNING * * *
You hit theAP's ghost but do no damage.
TheAP's ghost is almost destroyed.
You block theAP's ghost's attack. TheAP's ghost hits you!
You die...

#.......# #.# ####.#### #.# ###
#.......# #.# ..######
##.##.##.#####.## #......###
#......#.##.....##
#......#.#####).##............###
........#........##.#............
#......#.#####...........)....###
.......### #.#@##.##.......##
######## #.W....####.....# ###
###.#### #.....# ..# ##÷÷#
###...# #.# ###...### #...# #.#
..##.§....†# #...# #.#
...........######...#### #.#
..##§................... ..## .
#.#..................


You could see theAP's ghost.

Vanquished Creatures
  Sigmund (D:2)
  An orc wizard (D:3)
  Terence (D:2)
  Robin (D:2)
  7 adders
  A worm (D:2)
  A dart slug (D:1)
  3 leopard geckos
  4 orcs (D:3)
  A ball python (D:2)
  4 giant cockroaches
  17 goblins
  6 hobgoblins
  6 jackals (D:1)
  5 kobolds
  10 bats
  3 frilled lizards
  8 rats
80 creatures vanquished.

Notes
Turn   | Place    | Note
-------+----------+-------------------------------------------
     0 | D:1      | theAP the Formicid Fighter began the quest for the Orb.
     0 | D:1      | Reached XP level 1. HP: 18/18 MP: 1/1
    49 | D:1      | Reached XP level 2. HP: 17/24 MP: 2/2
   266 | D:1      | Reached XP level 3. HP: 20/29 MP: 3/3
  1139 | D:2      | Noticed Robin
  1156 | D:2      | Reached XP level 4. HP: 8/37 MP: 4/4
  1161 | D:2      | Killed Robin
  1687 | D:2      | Noticed Terence
  1697 | D:2      | Killed Terence
  1697 | D:2      | Reached XP level 5. HP: 31/43 MP: 5/5
  1761 | D:2      | Noticed Sigmund
  1782 | D:2      | Killed Sigmund
  1782 | D:2      | Reached skill level 5 in Fighting
  1782 | D:2      | Reached skill level 5 in Maces & Flails
  1782 | D:2      | Reached XP level 6. HP: 22/51 MP: 6/6
  2831 | D:3      | Reached XP level 7. HP: 47/56 MP: 7/7
  2850 | D:3      | Noticed theAP's ghost (amateur FoFi)
  2865 | D:3      | Slain by theAP's ghost

Skill      XL: |  1  2  3  4  5 |
---------------+----------------+-----
Maces & Flails | 3 4 5 |  5.7
Fighting       | 4 5 |  5.4
Armour         | |  3.2
Shields        | |  3.6

Action                   |  1- 3 |  4- 6 |  7- 9 || total
-------------------------+-------+-------+-------++-------
Melee: Flail             |   117 |   140 |    18 ||   275
  Use: Potion            |     3 |     1 |       ||     4
       Scroll            |     3 |     4 |       ||     7
  Eat: Chunk             |     1 |     3 |       ||     4
       Fruit             |       |     3 |       ||     3
Armor: Scale mail        |    63 |    50 |     4 ||   117
Dodge: Dodged            |    41 |    50 |     2 ||    93
Block: Shield            |    88 |    72 |     6 ||   166
